 Dungeon Crawl Stone Soup version 0.28.0-1-gb440e238dd (webtiles) character file.

Game seed: 18161720307314480652

4 Gorgormcgor the Sneak (level 1, 0/9 HPs)
             Began as a Spriggan Enchanter on Feb 28, 2022.
             Slain by a quokka (1 damage)
             ... on level 1 of the Dungeon.
             The game lasted 00:05:11 (537 turns).

Gorgormcgor the Sneak (Spriggan Enchanter)           Turns: 537, Time: 00:05:11

Health: 0/9        AC:  2    Str:  4    XL:     1   Next: 50%
Magic:  5/5        EV: 17    Int: 16    God:
Gold:   0          SH:  0    Dex: 15    Spells: 5/5 levels left

rFire   . . .      SeeInvis +   a - +1 dagger
rCold   . . .      Faith    .   (no shield)
rNeg    . . .      Spirit   .   b - +0 robe
rPois   .          Reflect  .   e - +0 hat
rElec   .          Harm     .   (no cloak)
rCorr   .          Rampage  .   (gloves unavailable)
Will    .....                   (boots unavailable)
Stlth   +++.......              (no amulet)
HPRegen 0.03/turn               (no ring)
MPRegen 0.09/turn               (no ring)

@: very quick
A: very small, no large weapons, unfitting armour, see invisible, speed 3
a: no special abilities


You were on level 1 of the Dungeon.
You visited 1 branch of the dungeon, and saw 1 of its levels.

Inventory:

Hand Weapons
 a - a +1 dagger (weapon)
Armour
 b - a +0 robe (worn)
 e - a +0 hat (worn)
Potions
 c - a potion of invisibility
 d - a potion of berserk rage {unknown}


   Skills:
 * Level 1.1 Short Blades
 + Level 2.7 Dodging
 * Level 4.7 Stealth
 + Level 2.7 Spellcasting
 * Level 3.7 Hexes


You had 5 spell levels left.
You didn't know any spells.
Your spell library contained the following spells:

 Spells                   Type           Power      Damage    Failure   Level
 Confusing Touch          Hex            14%        N/A       13%         3
 Tukima's Dance           Hex            14%        N/A       13%         3
 Ensorcelled Hibernation  Hex/Ice        16%        N/A       14%         2
 Dazzling Flash           Conj/Hex       16%        N/A       26%         3


Dungeon Overview and Level Annotations

Branches:
Dungeon (1/15)

Altars:


Innate Abilities, Weirdness & Mutations

You are very small and have problems with some larger weapons.
You are too small for most types of armour.
You have supernaturally acute eyesight. (SInv)
You cover ground extremely quickly. (Speed+++)


Message History

You hit the quokka but do no damage. The quokka bites you.
You completely miss the quokka. The quokka misses you.
The quokka barely misses you.
You barely miss the quokka. The quokka bites you.
Ouch! That really hurt!
* * * LOW HITPOINT WARNING * * *
Unknown command.
You open the door.
There is an open door here.
You close the door.
You start resting.
HP restored.
As you open the door, it creaks loudly!
You hear a shout! x2
A goblin comes into view. It is wielding a +0 club.
There is an open door here.
You closely miss the goblin. The goblin closely misses you.
You hit the goblin but do no damage. The goblin misses you.
You barely miss the goblin. The goblin closely misses you.
You hit the goblin.
The goblin is severely wounded.
The goblin closely misses you.
You closely miss the goblin.
The goblin is severely wounded.
The goblin barely misses you.
You closely miss the goblin.
The goblin is severely wounded.
The goblin closely misses you.
You hit the goblin.
You kill the goblin!
You closely miss the goblin. The goblin hits you but does no damage.
You hit the goblin but do no damage. The goblin hits you with a +0 club.
You hit the goblin.
The goblin is heavily wounded.
The goblin barely misses you.
You closely miss the goblin. Your punch misses the goblin.
The goblin is heavily wounded.
The goblin hits you with a +0 club. The quokka bites you.
* * * LOW HITPOINT WARNING * * *
The quokka bites you.
You die...

.#♣♣♣♣♣#.# #.#.. #.
.......... #.#g. #..
..♣.♣..♣ .#.#.#
#≈#♣♣..≈..♣♣#≈#....
#≈#P♣.≈≈≈.♣P#≈#....
#≈#<..≈8≈.)>#≈##..#
#≈#P♣.≈≈≈.♣P#≈###.#
#≈#♣♣..≈..♣♣#≈# #.#
#.@♣..♣.♣..♣..# #..
#.r)..........# ##.
..######g#.#♣♣♣♣♣#.#.####.
g......#'### ###'#....
#...# #...### ##### #####
#


You could see a quokka and a goblin.

Vanquished Creatures
  A bat (D:1)
  An endoplasm (D:1)
  A goblin (D:1)
3 creatures vanquished.

Vanquished Creatures (others)
  3 plants (D:1)
3 creatures vanquished.

Grand Total: 6 creatures vanquished

Notes
Turn   | Place    | Note
-------+----------+-------------------------------------------
     0 | D:1      | Gorgormcgor the Spriggan Enchanter began the quest for the
                  | Orb.
     0 | D:1      | Reached XP level 1. HP: 9/9 MP: 5/5
   537 | D:1      | Slain by a quokka

Illustrated notes

Levels and vault maps discovered:
D:1:      tarquinn_simple_flora_water_b, layout_basic, minivault_24,
          minmay_liquid_box

Action                   || total
-------------------------++-------
Melee: Dagger            ||    27
       Punch             ||     1
Armor: Robe              ||     5
Dodge: Dodged            ||    18
